AoeStats
← sawacdard

African Clearing

510546618Analyzed
4v4 RM · 14h ago on Oct 1, 2026· 25m 29s· 8 players
Game mode
Random Map
Map size
Large (8 player)
Population
200
Speed
Normal
Resources
Standard
Victory
Conquest
Starting age
Dark Age
Ending age
Imperial Age
RankedLock teamsTeams togetherTeam positionsShared explorationLock speedFull tech treeHidden civsTurbo modeCheats
Victory
Defeat
🇹🇼 Slavs · Taiwan
1354
+14
🇹🇼 Varangians · Taiwan
1348
+15
🇹🇼 Turks · Taiwan
1315
+16
🇹🇼 Dravidians · Taiwan
1301
+17
🇭🇰 Varangians · Hong Kong SAR China
1390
-19
🇹🇼 Vietnamese · Taiwan
1336
-16
🇮🇳 Dravidians · India
1274
-14
🇯🇵 Goths · Japan
1266
-13
hobbyya
5:28 Loom
14:25 Feudal Age
20:08 Castle Age
18:55 Double-Bit Axe
19:17 Fletching
21:24 Bow Saw
21:12 Bodkin Arrow
21:49 Crossbowman
24:29 Fishing Lines
poplin
5:27 Loom
14:01 Feudal Age
18:56 Castle Age
19:44 Fletching
LiBi
14:43 Feudal Age
16:05 Double-Bit Axe
18:30 Castle Age
17:06 Double-Bit Axe
18:28 Loom
20:21 Scale Barding Armor
20:27 Bow Saw
Shini_gami
4:11 Loom
13:19 Feudal Age
19:12 Castle Age
18:22 Double-Bit Axe
18:19 Horse Collar
21:30 Town Watch
23:02 Wheelbarrow
你好嗎問號
10:29 Loom
13:01 Feudal Age
13:58 Double-Bit Axe
16:50 Castle Age
15:49 Stone Mining
24:05 Wheelbarrow
友善牛牛
10:07 Loom
12:15 Feudal Age
13:15 Double-Bit Axe
15:26 Horse Collar
16:43 Scale Barding Armor
19:38 Bloodlines
24:26 Castle Age
23:52 Forging
25:11 Husbandry
25:33 Chain Barding Armor
sawacdard
7:24 Loom
14:26 Feudal Age
18:13 Castle Age
16:27 Double-Bit Axe
16:26 Fishing Lines
19:06 Bow Saw
18:59 Gillnets
25:42 Wheelbarrow
25:18 Horse Collar
66+阿展哥~"
6:41 Loom
14:30 Feudal Age
20:45 Castle Age
18:37 Horse Collar
19:20 Double-Bit Axe
22:10 Bow Saw
Connection lost

Rejoining the realm…

Still unreachable

The connection could not be restored.

Session expired

The server has moved on; the page needs a fresh start.